 Dungeon Crawl Stone Soup version 0.25-a0-420-g1cc7eeb0d1 (webtiles) character file.

Game seed: 8805199351917923276, levelgen mode: deterministic

160 ReteAZ the Insei (level 4, -2/33 HPs)
             Began as a Demigod Earth Elementalist on Jan 19, 2020.
             Slain by a gnoll
             ... wielding a +0 spear
              (11 damage)
             ... on level 3 of the Dungeon.
             The game lasted 00:05:55 (2063 turns).

ReteAZ the Insei (Demigod Earth Elementalist)       Turns: 2063, Time: 00:05:55

Health: -2/33      AC:  3    Str: 16    XL:     4   Next: 96%
Magic:  2/9        EV: 13    Int: 19    God:
Gold:   190        SH:  0    Dex: 16    Spells: 3/7 levels left

rFire    . . .     SeeInvis .     - Unarmed
rCold    . . .     Gourm    .   (no shield)
rNeg     . . .     Faith    .   c - +0 robe
rPois    .         Spirit   .   l - +0 hat
rElec    .         Reflect  .   (no cloak)
rCorr    .         Harm     .   h - +0 pair of gloves
MR       +....                  (no boots)
Stlth    ++........             (no amulet)
HPRegen  0.11/turn              f - +3 ring of strength
MPRegen  0.11/turn              m - ring of protection from magic

@: very slightly contaminated
A: high mp 1
a: no special abilities


You were on level 3 of the Dungeon.
You were hungry.

You visited 1 branch of the dungeon, and saw 3 of its levels.

You collected 190 gold pieces.

Inventory:

Missiles
 b - 4 stones (quivered)
Armour
 c - a +0 robe (worn)
 h - a +0 pair of gloves (worn)
 l - a +0 hat (worn)
 o - a cursed -1 chain mail
Jewellery
 f - a +3 ring of strength (left hand)
 m - a ring of protection from magic (right hand)
Scrolls
 e - a scroll of fog {unknown}
 g - 4 scrolls of immolation {unknown}
 i - 2 scrolls of teleportation {unknown}
 j - a scroll of random uselessness {unknown}
 k - a scroll of identify {unknown}
Potions
 n - a potion of degeneration {unknown}
 p - 2 potions of brilliance {unknown}
Comestibles
 a - 5 chunks of flesh
 d - 6 rations


   Skills:
 - Level 2.0 Dodging
 - Level 2.0 Stealth
 * Level 4.0 Unarmed Combat
 - Level 2.0 Spellcasting
   Level 0.8 Transmutations
 - Level 3.0 Earth Magic


You had 3 spell levels left.
You knew the following spells:

 Your Spells              Type           Power        Failure   Level  Hunger
a - Sandblast             Erth           ##....       4%          1    #......
b - Stone Arrow           Conj/Erth      #.....       26%         3    ###....

Your spell library contained the following spells:

 Spells                   Type           Power        Failure   Level  Hunger
 Passwall                 Tmut/Erth      #.......     12%         2    ###....
 Petrify                  Tmut/Erth      #.......     58%         4    #####..
 Lee's Rapid Deconstruct  Erth           ##........   80%         5    ######.


Dungeon Overview and Level Annotations

Branches:
Dungeon (3/15)


Innate Abilities, Weirdness & Mutations

You have an increased reservoir of magic. (+10% MP)


Message History

Aim: a gnoll (heavily wounded)
You miscast Sandblast.
Sand pours from your hands.
The gnoll hits you but does no damage. x2
You hit the gnoll.
The gnoll is almost dead.
The gnoll closely misses you.
The gnoll hits you from afar with a +0 spear.
You hit the gnoll.
The gnoll is almost dead.
The gnoll misses you.
The gnoll hits you from afar with a +0 spear.
* * * LOW HITPOINT WARNING * * *
Found a scroll labeled GOULOKOLES.
Some of the chunks of flesh in your inventory have rotted away.
You closely miss the gnoll. You punch the gnoll, but do no damage.
The gnoll is almost dead.
The gnoll hits you.
* * * LOW HITPOINT WARNING * * *
The gnoll hits you from afar with a +0 spear!
You die...

## . ########## .#
#.g@.<#.. ..#
#g#####.###..##.
#.....#.........
#.#g.)......g...
+#####..#..%..g.:#
........#g######.#
#####...#†#
#.$g#g# #...#.#


You could see 2 gnolls.

Vanquished Creatures
  Jessica (D:2)
  2 gnolls
  6 adders (D:2)
  An ooze (D:1)
  2 worms (D:2)
  2 dart slugs (D:2)
  A leopard gecko (D:1)
  A ball python (D:1)
  9 bats
  4 giant cockroaches (D:1)
  7 goblins
  A hobgoblin (D:2)
  A quokka (D:2)
  2 frilled lizards
  8 kobolds
  4 rats
52 creatures vanquished.

Notes
Turn   | Place    | Note
-------+----------+-------------------------------------------
     0 | D:1      | ReteAZ the Demigod Earth Elementalist began the quest for
                  | the Orb.
     0 | D:1      | Reached XP level 1. HP: 14/14 MP: 5/5
   228 | D:1      | Reached XP level 2. HP: 13/20 MP: 7/7
   384 | D:1      | Reached skill level 1 in Unarmed Combat
   535 | D:1      | Reached XP level 3. HP: 22/26 MP: 4/8
   833 | D:1      | Reached skill level 2 in Unarmed Combat
  1516 | D:2      | Reached XP level 4. HP: 12/33 MP: 7/9
  1519 | D:2      | Reached skill level 3 in Unarmed Combat
  1763 | D:2      | Noticed Jessica
  1771 | D:2      | Learned a level 3 spell: Stone Arrow
  1835 | D:2      | Killed Jessica
  1865 | D:2      | Found a snail-covered altar of Cheibriados.
  2044 | D:3      | Reached skill level 4 in Unarmed Combat
  2063 | D:3      | Slain by a gnoll

Levels and vault maps discovered:
D:1:      shiori_arrival_oz, layout_loops_ring
D:2:      layout_basic, kennysheep_slug_shrine, uniq_jessica
D:3:      layout_basic, first_ration, uniq_sigmund

Skill      XL: |  1  2  3  4 |
---------------+-------------+-----
Stealth        | 2 |  2.0
Dodging        | 2 |  2.0
Unarmed Combat | 1 2 4 |  4.0
Spellcasting   | 2 |  2.0
Earth Magic    | 3 |  3.0
Transmutations | |  0.8

Action                   |  1- 3 |  4- 6 || total
-------------------------+-------+-------++-------
Melee: Unarmed           |   109 |    43 ||   152
       Punch             |     1 |     2 ||     3
 Cast: Sandblast         |    35 |    30 ||    65
  Use: Potion            |       |     1 ||     1
 Stab: Sleeping          |     8 |     1 ||     9
  Eat: Chunk             |     2 |     2 ||     4
Armor: Robe              |    27 |     9 ||    36
Dodge: Dodged            |    96 |    46 ||   142

Table legend:
 A = Non-vault XP
 B = Vault XP
 C = Vault XP percentage of total XP
 D = Non-vault monster count
 E = Vault monster count
 F = Vault count percentage of total count
                 A         B        C        D         E       F
            +---------+---------+-------+---------+---------+-------
      Total |     185 |      44 |  19.2 |      48 |       4 |   7.7
            +---------+---------+-------+---------+---------+-------
        D:1 |      61 |       3 |   4.7 |      25 |       2 |   7.4
        D:2 |     108 |      41 |  27.5 |      21 |       2 |   8.7
        D:3 |      16 |       0 |   0.0 |       2 |       0 |   0.0
            +---------+---------+-------+---------+---------+-------
